 Dungeon Crawl Stone Soup version 0.30-a0-634-g8abc85282e (webtiles) character file.

Game seed: 10851919862528814171

13280 xSliceyx the Fighter (level 11, -2/114 HPs)
             Began as an Armataur Warper on Jan 7, 2023.
             Was a Believer of Wu Jian.
             Succumbed to a black mamba's poison
             ... on level 2 of the Lair of Beasts on Jan 14, 2023.
             The game lasted 00:52:34 (13633 turns).

xSliceyx the Fighter (Armataur Warper)             Turns: 13633, Time: 00:52:35

Health: -2/114     AC: 11    Str: 23    XL:     11   Next: 73%
Magic:  18/18      EV: 14    Int: 14    God:    Wu Jian [**....]
Gold:   694        SH:  0    Dex:  9    Spells: 2/20 levels left

rFire   + . .      SeeInvis .    D - +2 trident (vamp)
rCold   . . .      Faith    .    (no shield)
rNeg    . . .      Spirit   .    B - +2 robe {Will+}
rPois   .          Reflect  .    E - +0 helmet
rElec   +          Harm     .    q - +2 cloak
rCorr   .          Roll     +    i - +0 pair of gloves
Will    .....                    (no barding)
Stlth   +                        (no amulet)
HPRegen 0.39/turn                f - +5 ring of evasion
MPRegen 0.16/turn                U - ring of the Enemy {rElec rF+ Will- Str+2 Slay+6}

@: lethally poisoned (-2 -> -27)
A: large, rugged brown scales 3, deformed body, armoured tail, roll, long
tongue, awkward tongue
a: Renounce Religion, Wall Jump


You were on level 2 of the Lair of Beasts.
You worshipped Wu Jian.
Wu Jian was pleased with you.
You visited 3 branches of the dungeon, and saw 13 of its levels.

You collected 694 gold pieces.

Inventory:

Hand Weapons
 D - a +2 vampiric trident (weapon)
 P - a +1 shortbow of freezing
 R - the +4 short sword of Hoatodae {freeze, rElec rN+}
   (You found it on level 8 of the Dungeon)

   rElec:     It insulates you from electricity.
   rN:        It protects you from negative energy.
 W - a +0 scimitar of flaming
Missiles
 d - 2 boomerangs of dispersal (quivered)
 y - 54 poisoned darts
 z - 13 boomerangs
Armour
 i - a +0 pair of gloves (worn)
 q - a +2 cloak (worn)
 B - a +2 robe of willpower (worn)
 E - a +0 helmet (worn)
 M - a +2 leather armour of fire resistance
Jewellery
 f - a +5 ring of evasion (left hand)
 g - a +4 ring of protection
 h - a ring of resist corrosion
 v - a +6 ring of dexterity
 J - a ring of poison resistance
 S - an amulet of faith
 U - the ring of the Enemy (right hand) {rElec rF+ Will- Str+2 Slay+6}
   (You took it off a kobold demonologist on level 9 of the Dungeon)

   [ring of protection from fire]

   Str:       It affects your strength (+2).
   Slay:      It affects your accuracy & damage with ranged weapons and melee
   (+6).
   rF:        It protects you from fire.
   rElec:     It insulates you from electricity.
   Will:      It decreases your willpower.
Wands
 r - a wand of iceblast (9)
 I - a wand of flame (29)
 T - a wand of digging (7)
 V - a wand of charming (3)
Scrolls
 a - a scroll of butterflies {unknown}
 c - a scroll of blinking
 j - 2 scrolls of brand weapon {unknown}
 k - 2 scrolls of noise {unknown}
 n - 3 scrolls of vulnerability {unknown}
 o - 4 scrolls of magic mapping
 s - 2 scrolls of fog {unknown}
 t - 2 scrolls of enchant armour {unknown}
 A - a scroll of immolation
 H - a scroll of fear {unknown}
 K - 5 scrolls of teleportation {unknown}
 Q - 3 scrolls of identify
Potions
 e - 4 potions of flight
 l - 3 potions of attraction
 u - 4 potions of magic
 w - 2 potions of curing
 x - 2 potions of mutation
 C - a potion of degeneration {unknown}
 F - 2 potions of brilliance
 G - 2 potions of cancellation
 L - a potion of resistance {unknown}
 O - a potion of berserk rage {unknown}


   Skills:
 + Level 13.6 Fighting
 - Level 1.5(2.0) Axes
 - Level 1.5(1.9) Polearms
 - Level 0.8 Throwing
 - Level 1.2 Armour
 - Level 1.3 Dodging
 - Level 5.0 Spellcasting
 - Level 11.0 Translocations


You had 2 spell levels left.
You knew the following spells:

 Your Spells              Type           Power      Damage    Failure   Level
a - Blink                 Tloc           68%        N/A       1%          2
b - Gell's Gravitas       Tloc           34%        N/A       1%          3
c - Teleport Other        Tloc           34%        N/A       1%          3
d - Lesser Beckoning      Tloc           68%        N/A       1%          3
e - Vhi's Electric Charg  Tloc/Air       36%        N/A       5%          3
f - Manifold Assault      Tloc           34%        N/A       1%          4

Your spell library contained the following spells:

 Spells                   Type           Power      Damage    Failure   Level
 Apportation              Tloc           68%        N/A       1%          1
 Magic Dart               Conj           12%        1d3       17%         1
 Necrotise                Necr           12%        1d4       17%         1
 Summon Small Mammal      Summ           12%        N/A       17%         1
 Searing Ray              Conj           6%         2d4       26%         2
 Passage of Golubria      Tloc           34%        N/A       1%          4
 Call Canine Familiar     Summ           3%         N/A       45%         3
 Inner Flame              Hex/Fire       3%         N/A       45%         3
 Summon Guardian Golem    Hex/Summ       3%         N/A       45%         3
 Summon Forest            Summ/Tloc      9%         N/A       45%         5
 Flame Wave               Conj/Fire      3%         2d5       86%         4
 Fulminant Prism          Conj/Hex       1%         3d5       86%         4
 Sticky Flame             Conj/Fire      3%         2d3       86%         4
 Summon Mana Viper        Hex/Summ       3%         N/A       99%         5
 Conjure Ball Lightning   Conj/Air       1%         3x3d6     100%        6
 Summon Cactus Giant      Summ           1%         N/A       100%        6


Dungeon Overview and Level Annotations

Branches:
Dungeon (10/15)            Temple (1/1) D:7            Lair (2/5) D:8
  Swamp: Lair:2-3    Shoals: Lair:2-3     Snake: Lair:2-3    Spider: Lair:2-3
    Orc: D:9-12

Altars:
Ashenzari
Cheibriados
Dithmenos
Elyvilon
Gozag
Hepliaklqana
Makhleb
Nemelex Xobeh
Okawaru
Qazlal
Ru
Sif Muna
Trog
Uskayaw
Vehumet
Wu Jian
Xom
Yredelemnul
Zin
The Shining One

Annotations:
D:5 1 runed translucent door, Juicyj's ghost, amateur MiFi


Innate Abilities, Weirdness & Mutations

You are completely covered in rugged brown scales. (AC +3, +7% HP)
Armour fits poorly on your strangely shaped body.
You have a long armoured tail.
You roll when moving toward enemies. (Rampage)
Your long tongue fully drains potion bottles. (2x potion effects)
Your tongue gives you trouble enunciating. (1.5x scroll delay)


Message History

* * * LOW HITPOINT WARNING * * *
You feel very sick. The black mamba closely misses you.
The black mamba attacks as you move away!
The black mamba closely misses you.
You feel sick. The black mamba barely misses you.
The black mamba bites the plant!!
The plant begins to die.
Reach: D) +2 trident (vamp)
Press: ? - help, Dir - move target, f - black mamba
Aim: a black mamba (almost dead, about 45% to evade your +2 vampiric trident)
The black mamba is in the way.
You puncture the black mamba! You tail-slap the black mamba!
The black mamba is heavily wounded.
You feel sick.
The black mamba bites you but does no damage.
The black mamba completely misses you.
The water moccasin bites the plant.
You hit the black mamba.
You feel better.
You kill the black mamba!
The Council accepts your kill.
You feel sick. The black mamba closely misses you. The black mamba bites you!
* * * LOW HITPOINT WARNING * * *
The water moccasin bites the plant.
The water moccasin closely misses you.
You hit the black mamba.
You feel better.
You punch the black mamba, but do no damage.
The black mamba is severely wounded.
You feel sick. The black mamba misses you.
The water moccasin bites the plant!
The water moccasin closely misses you. The black mamba bites you.
* * * LOW HITPOINT WARNING * * *
The water moccasin bites the plant!
The plant is poisoned.
The water moccasin poisons the plant!
The water moccasin bites you.
* * * LOW HITPOINT WARNING * * *
The black mamba bites you!
* * * LOW HITPOINT WARNING * * *
You are lethally poisoned!
The black mamba poisons you!
Unknown command.
Blink to where?
Press: ? - help, Q - select action, (/) - cycle Dir - move target As you slowly read the scroll of blinking, it crumbles to dust.
You die...

.............#
##......P.....# ..
..............# #.#
##P............#
...#####..............#
......................##
.......................#
...............@..>...P#
.....PP#.#.#..#.^...#.#
.......<..............###
.###.......†............#
##...................#
###..#.##....#......#
#.#######..P#.##P..# ##
#...####S§## ##..####SP#


You could see a black mamba.

Vanquished Creatures
  Erica (Lair:1)
  Erolcha (D:9)
  A two-headed ogre (D:9)
  Pikel (D:7)
  3 black mambas
  Joseph (D:9)
  A gargoyle (D:9)
  Maggie (D:8)
  5 kobold demonologists
  A polar bear (Lair:1)
  Sigmund (D:3)
  A wraith (D:8)
  A wyvern (D:8)
  12 yaks (Lair:1)
  A steam dragon (D:8)
  A redback (shapeshifter) (D:8)
  Menkaure (D:7)
  5 water moccasins
  Duvessa (D:7)
  4 orc warriors
  3 ice beasts
  2 sky beasts
  3 black bears
  4 centaurs
  An ogre (D:4)
  4 wolves (Lair:1)
  2 lemures (D:7)
  7 kobold brigands
  6 bullfrogs
  2 scorpions (D:5)
  7 wights
  Dowan (D:7)
  10 killer bees
  2 orc priests
  A hound (D:3)
  A jelly (D:7)
  Jessica (D:3)
  6 iguanas
  Terence (D:3)
  12 orc wizards
  Robin (D:4)
  10 adders
  A shadow imp (D:7)
  A white imp (D:5)
  2 ufetubi
  3 dart slugs (D:1)
  23 orcs
  5 ball pythons
  6 endoplasms
  A giant cockroach (D:3)
  11 hobgoblins
  5 jackals
  7 quokkas
  4 bats
  5 frilled lizards
  8 goblins
  21 kobolds
  2 rats
  A bush (D:9)
237 creatures vanquished.

Vanquished Creatures (others)
  2 orcs (D:8)
  2 fungi (Lair:2)
  7 plants
11 creatures vanquished.

Grand Total: 248 creatures vanquished

Notes
Turn   | Place    | Note
-------+----------+-------------------------------------------
     0 | D:1      | xSliceyx the Armataur Warper began the quest for the Orb.
     0 | D:1      | Reached XP level 1. HP: 18/18 MP: 3/3
   218 | D:1      | Reached XP level 2. HP: 25/25 MP: 5/5
   865 | D:2      | Learned a level 2 spell: Blink
  1073 | D:2      | Reached XP level 3. HP: 31/31 MP: 6/6
  1412 | D:3      | Noticed Terence
  1438 | D:3      | Killed Terence
  1438 | D:3      | Noticed Sigmund
  1439 | D:3      | Reached XP level 4. HP: 38/38 MP: 6/8
  1517 | D:3      | Reached skill level 2 in Fighting
  1573 | D:3      | Noticed Jessica
  1576 | D:3      | Killed Jessica
  1720 | D:3      | Reached skill level 3 in Fighting
  1751 | D:3      | Found a white marble altar of Elyvilon.
  1778 | D:3      | Reached XP level 5. HP: 36/48 MP: 9/9
  2224 | D:3      | Reached skill level 4 in Fighting
  2246 | D:3      | Learned a level 3 spell: Gell's Gravitas
  2250 | D:3      | Learned a level 3 spell: Teleport Other
  2299 | D:4      | Noticed Robin
  2309 | D:4      | Noticed a sky beast
  2312 | D:4      | Noticed an ogre
  2422 | D:4      | Killed a sky beast
  2423 | D:4      | Reached skill level 5 in Translocations
  2423 | D:4      | Reached XP level 6. HP: 48/55 MP: 10/10
  2620 | D:4      | Killed Robin
  2904 | D:4      | Reached XP level 7. HP: 63/63 MP: 11/11
  3164 | D:3      | Killed Sigmund
  3193 | D:5      | Entered Level 5 of the Dungeon
  3230 | D:5      | Got Afocuohu's Opusculum on the Topological Missiles
  3235 | D:5      | Learned a level 3 spell: Lesser Beckoning
  3403 | D:5      | Noticed Juicyj's ghost (amateur MiFi)
  3406 | D:5      | Found a runed translucent door.
  3646 | D:5      | Found a glowing golden altar of the Shining One.
  4328 | D:6      | Found a bloodstained altar of Trog.
  4338 | D:6      | Reached XP level 8. HP: 64/70 MP: 9/13
  4475 | D:6      | Reached skill level 5 in Fighting
  5417 | D:7      | Found a staircase to the Ecumenical Temple.
  5426 | Temple   | Entered the Ecumenical Temple
  5809 | Temple   | Became a worshipper of the Wu Jian Council
  5905 | D:7      | Noticed Pikel
  5906 | D:7      | Found a sand-covered staircase.
  5935 | D:7      | Killed Pikel
  5936 | D:7      | Reached skill level 6 in Fighting
  6138 | D:7      | Noticed Menkaure
  6146 | D:7      | Killed Menkaure
  6147 | D:7      | Reached XP level 9. HP: 36/83 MP: 15/15
  6310 | D:7      | Noticed Duvessa
  6312 | D:7      | Noticed Dowan
  6333 | D:7      | Killed Duvessa
  6348 | D:7      | Killed Dowan
  6349 | D:7      | Reached skill level 7 in Fighting
  6565 | D:7      | Reached skill level 1 in Axes
  6937 | D:7      | Found a hide-covered altar of Uskayaw.
  7371 | D:8      | Identified the +4 short sword of Hoatodae {freeze, rElec
                  | rN+}
  7475 | D:8      | Reached skill level 5 in Spellcasting
  7755 | D:8      | Reached skill level 8 in Fighting
  7795 | D:8      | Learned a level 3 spell: Vhi's Electric Charge
  7800 | D:8      | Learned a level 4 spell: Manifold Assault
  7845 | D:8      | Reached * piety under Wu Jian
  7852 | D:8      | Noticed a cane toad
  7858 | D:8      | Noticed a kobold demonologist
  7871 | D:8      | Reached skill level 9 in Fighting
  7894 | D:8      | a cane toad changed into a troll
  7894 | D:8      | Noticed a troll (shapeshifter)
  7908 | D:8      | Killed a kobold demonologist
  7909 | D:8      | Reached XP level 10. HP: 40/97 MP: 1/17
  7961 | D:8      | HP: 3/97 [tarantella (shapeshifter) (5)]
  8332 | D:8      | Reached skill level 10 in Translocations
  8784 | D:8      | Found an opulent altar of Gozag.
  8825 | D:8      | Found a staircase to the Lair.
  8825 | D:8      | Noticed Maggie
  8849 | D:8      | Killed Maggie
  9488 | D:9      | Noticed Erolcha
  9507 | D:9      | Killed Erolcha
  9751 | D:9      | Noticed a gargoyle
 10090 | D:9      | Noticed Joseph
 10094 | D:9      | Identified the ring of the Enemy {rElec rF+ Will- Str+2
                  | Slay+6}
 10099 | D:9      | Noticed a smoke demon
 10102 | D:9      | Killed Joseph
 10103 | D:9      | Reached skill level 10 in Fighting
 10129 | D:9      | Reached skill level 11 in Fighting
 10217 | D:9      | Reached ** piety under Wu Jian
 10241 | D:10     | Entered Level 10 of the Dungeon
 10430 | D:10     | Reached XP level 11. HP: 76/109 MP: 18/18
 11209 | D:9      | Found a broken altar of Ashenzari.
 11210 | D:9      | Found an iron altar of Okawaru.
 11292 | D:9      | Noticed a two-headed ogre
 11305 | D:9      | Killed a two-headed ogre
 11725 | D:9      | Found a burning altar of Makhleb.
 11933 | Lair:1   | Entered Level 1 of the Lair of Beasts
 12071 | Lair:1   | Reached skill level 12 in Fighting
 12332 | Lair:1   | HP: 3/111 [black mamba (12)]
 12619 | Lair:1   | Upgraded the game from 0.30-a0-605-gb2882149bf to
                  | 0.30-a0-634-g8abc85282e
 12767 | Lair:1   | Noticed Erica
 12775 | Lair:1   | Killed Erica
 12938 | Lair:1   | Reached skill level 13 in Fighting
 13633 | Lair:2   | Succumbed to a black mamba's poison

Illustrated notes

Levels and vault maps discovered:
D:1:      dpeg_arrival_simpleton_b, layout_basic
D:2:      layout_rooms, kennysheep_generic_room_10
D:3:      layout_rooms, elyvilon_altar_1, uniq_terence, uniq_jessica,
          uniq_sigmund
D:4:      layout_cave_pools, uniq_robin
D:5:      layout_layer_cave, mainiacjoe_overflow_concentric_impassable,
          hellmonk_ghost_happy_afterlife
D:6:      layout_loops_corners, trog_ov_bears_minmay
D:7:      layout_basic, kennysheep_mini_moat, minmay_temple_entry_sparse_star,
          chequers_ossuary_entry_cave, minivault_24, uniq_duvessa, uniq_pikel,
          uniq_menkaure
D:8:      nzn_winding_woodlands_cross [nzn_winding_woodlands_5x15_zeroes,
          nzn_winding_woodlands_5x15_pathside_ponds,
          nzn_winding_woodlands_5x15_cabin, nzn_winding_woodlands_5x15_pool,
          nzn_winding_woodlands_15x15_killbox], layout_loops_corners,
          mainiacjoe_overflow_alcove_1, lair_entry_dummy, uniq_maggie
D:9:      minmay_angry_zag, layout_basic, gammafunk_temple_overflow_forgotten,
          uniq_erolcha, uniq_joseph
D:10:     layout_roguey, grunt_temple_overflow_growth_and_decay, david_orc_4,
          uniq_amaemon
Temple:   minmay_temple_forest_path
Lair:1:   layout_cave_pods, minivault_11, infiniplex_staircase_pool_2,
          uniq_erica
Lair:2:   layout_long_grid, minmay_snake_entry_six_corridors,
          gammafunk_ghost_ooze, beast_lair_carwin_7, lemuel_fruit_tree

Skill      XL: |  1  2  3  4  5  6  7  8  9 10 11 |
---------------+----------------------------------+-----
Spellcasting   | 2 3 4 5 |  5.0
Translocations | 4 5 6 8 9 11 | 11.0
Fighting       | 3 4 6 9 11 13 | 13.6
Axes           | 1 |  1.5
Polearms       | |  1.5
Throwing       | |  0.8
Armour         | |  1.2
Dodging        | |  1.3

Action                   |  1- 3 |  4- 6 |  7- 9 | 10-12 || total
-------------------------+-------+-------+-------+-------++-------
Melee: Spear             |    68 |       |       |       ||    68
       Tailslap          |    12 |    21 |    63 |    97 ||   193
       Dagger            |    54 |   194 |       |       ||   248
       Punch             |       |     4 |     3 |     6 ||    13
       Trident           |       |    49 |   437 |   234 ||   720
       Short sword       |       |       |       |   324 ||   324
 Fire: Shortbow          |       |       |     6 |       ||     6
Throw: Boomerang         |       |     6 |       |       ||     6
       Dart              |       |     1 |       |     1 ||     2
 Cast: Teleport Other    |       |       |     3 |     5 ||     8
       Gell's Gravitas   |       |       |     5 |     8 ||    13
       Manifold Assault  |       |       |       |    10 ||    10
       Blink             |       |       |       |     1 ||     1
Invok: Whirlwind         |       |       |       |     4 ||     4
Evoke: Wand              |       |       |       |    11 ||    11
  Use: Scroll            |       |     3 |     8 |     2 ||    13
       Potion            |       |       |     2 |     7 ||     9
 Stab: Sleeping          |       |       |     1 |       ||     1
Armor: Leather armour    |    37 |    51 |       |       ||    88
       Robe              |       |    57 |   217 |   259 ||   533
       Skin              |       |       |    35 |     9 ||    44
Dodge: Dodged            |    84 |   207 |   326 |   465 ||  1082

Table legend: (Time is in decaauts)
 A = Elapsed time spent in this place.
 B = Non-inter-level travel time spent in this place.
 C = Inter-level travel time spent in this place.
 D = Time resting spent in this place.
 E = Time spent auto-exploring this place.
 F = Levels seen in this place.
 G = Mean time per level.
                   A        B        C        D        E       F      G
               +--------+--------+--------+--------+--------+-----+--------+
         Total |  13812 |  12834 |    978 |   3310 |   6735 |  13 | 1062.5 |
       Dungeon |  11638 |  10799 |    839 |   2663 |   5662 |  10 | 1163.8 |
        Temple |    448 |    383 |     65 |      0 |    368 |   1 |  448.0 |
          Lair |   1724 |   1651 |     73 |    647 |    705 |   2 |  862.0 |
               +--------+--------+--------+--------+--------+-----+--------+

Top non-repeatable levels by time:
     D:9: 2041 daAuts
     D:7: 1886 daAuts
     D:8: 1864 daAuts
  Lair:1: 1669 daAuts
     D:5: 1087 daAuts
     D:6: 1051 daAuts
     D:4: 862 daAuts
     D:3: 829 daAuts
     D:1: 782 daAuts
     D:2: 739 daAuts
    D:10: 493 daAuts
  Temple: 448 daAuts
  Lair:2: 55 daAuts
